3L
HOUSTON 1837 BBC @ CHARLESTON BATTERY
05/22/2034
 
TOP OF THE 1ST
Houston 1837 BBC batting - Pitching for Charleston Battery : LHP Luis Vargas
Pitching: LHP Luis Vargas
Batting: LHB Owen Sharts 0-0: Ball
1-0: Called Strike
1-1: Foul Ball, location: 2F
1-2: Ball
2-2: Foul Ball, location: 2F
2-2: Fly out, F8 (Flyball, 8RD)
Batting: RHB Komotay Koffie 0-0: Foul Ball, location: 2F
0-1: Ground out 6-3 (Groundball, 6)
Batting: RHB Joey Trifone 0-0: Called Strike
0-1: SINGLE (Groundball, 5D)
Batting: RHB Jon Osterman 0-0: Called Strike
0-1: Ball
1-1: Foul Ball, location: 2F
1-2: Ball
2-2: Fly out, F8 (Flyball, 8LM)
Top of the 1st over - 0 runs, 1 hit, 0 errors, 1 left on base; Houston 0 - Charleston 0
BOTTOM OF THE 1ST
Charleston Battery batting - Pitching for Houston 1837 BBC : LHP Coy Broderick
Pitching: LHP Coy Broderick
Batting: LHB Joey Coco 0-0: Foul Ball, location: 2F
0-1: SINGLE (Line Drive, 4MD)
Batting: RHB Mike Case 0-0: Ball
1-0: Fly out, F7 (Flyball, 7S)
Batting: SHB Jasper Morrison 0-0: Ball
1-0: Called Strike
1-1: Ball
2-1: Swinging Strike
2-2: Strikes out looking
Batting: LHB Spencer Powell 0-0: Ball
1-0: Ball
2-0: Called Strike
2-1: Ball
3-1: Swinging Strike
3-2: SINGLE (Groundball, 56D)
Joey Coco to second
Joey Coco to third
Batting: RHB Paco Muńóz 0-0: Ground out 5-3 (Groundball, 56S)
Bottom of the 1st over - 0 runs, 2 hits, 0 errors, 2 left on base; Houston 0 - Charleston 0
TOP OF THE 2ND
Houston 1837 BBC batting - Pitching for Charleston Battery : LHP Luis Vargas
Batting: RHB Bob Dickerson 0-0: Fly out, F7 (Flyball, 7LD)
Batting: LHB Kai-ge Choe 0-0: Ball
1-0: Called Strike
1-1: Ball
2-1: Ball
3-1: Foul Ball, location: 2F
3-2: Foul Ball, location: 2F
3-2: Strikes out swinging
Batting: RHB Phil Sherman 0-0: Called Strike
0-1: Swinging Strike
0-2: Ball
1-2: Strikes out swinging
Top of the 2nd over - 0 runs, 0 hits, 0 errors, 0 left on base; Houston 0 - Charleston 0
BOTTOM OF THE 2ND
Charleston Battery batting - Pitching for Houston 1837 BBC : LHP Coy Broderick
Batting: RHB Wrangler Haresnape 0-0: Ball
1-0: Foul Ball, location: 2F
1-1: Swinging Strike
1-2: Ball
2-2: Ball
3-2: Foul Ball, location: 2F
3-2: Fly out, F4 (Popup, 34)
Batting: LHB Datu Lesaca 0-0: Ball
1-0: Called Strike
1-1: Foul Ball, location: 2F
1-2: Ball
2-2: Ball
3-2: Foul Ball, location: 2F
3-2: Foul Ball, location: 2F
3-2: Foul Ball, location: 2F
3-2: Foul Ball, location: 2F
3-2: DOUBLE (Line Drive, 8LXD)
Batting: RHB Jesús Ruano 0-0: Called Strike
0-1: Called Strike
0-2: Ball
1-2: SINGLE (Groundball, 56D)
Datu Lesaca to third
Runner from 3rd tries for Home, SAFE, throw made home
Batting: RHB Luis Ríos 0-0: Ball
Wild Pitch!
Jesús Ruano to second
1-0: Called Strike
1-1: Ball
2-1: Ball
3-1: Called Strike
3-2: Base on Balls
Batting: LHB Joey Coco 0-0: Ball
1-0: Called Strike
1-1: Ball
Jesús Ruano steals 3rd base
Luis Ríos to second
2-1: Ball
3-1: Base on Balls
Batting: RHB Mike Case 0-0: Called Strike
0-1: Ball
1-1: SINGLE (Line Drive, 34)
Jesús Ruano scores
Luis Ríos to third
Joey Coco to second
Batting: SHB Jasper Morrison 0-0: Reached on error, E4 (Groundball, 4)
Luis Ríos scores
Joey Coco to third
Mike Case to second
Batting: LHB Spencer Powell 0-0: Ball
1-0: Ball
2-0: Foul Ball, location: 2F
2-1: Ball
3-1: Grounds into double play, 4-6-3 (Groundball, 4)
Bottom of the 2nd over - 3 runs, 3 hits, 1 error, 2 left on base; Houston 0 - Charleston 3
TOP OF THE 3RD
Houston 1837 BBC batting - Pitching for Charleston Battery : LHP Luis Vargas
Batting: RHB Juan Chávez 0-0: Foul Ball, location: 2F
0-1: Ball
1-1: Ball
2-1: SOLO HOME RUN (Flyball, 7D), Distance : 388 ft
Batting: RHB Norm Chodorow 0-0: Ball
1-0: SINGLE (Line Drive, 89S)
Batting: LHB Owen Sharts 0-0: Called Strike
0-1: Ball
1-1: Foul Ball, location: 2F
1-2: Foul Ball, location: 2F
1-2: Ball
2-2: Ball
3-2: Base on Balls
Norm Chodorow to second
Batting: RHB Komotay Koffie 0-0: Foul Ball, location: 2F
0-1: Called Strike
0-2: Strikes out swinging
Batting: RHB Joey Trifone 0-0: Ball
1-0: Called Strike
1-1: Called Strike
1-2: Ball
2-2: Ball
3-2: Base on Balls
Norm Chodorow to third
Owen Sharts to second
Batting: RHB Jon Osterman 0-0: Called Strike
0-1: Ground out 5-3 (Groundball, 56S)
Norm Chodorow scores
Owen Sharts to third
Joey Trifone to second
Batting: RHB Bob Dickerson 0-0: Ball
1-0: Foul Ball, location: 2F
1-1: Ball
2-1: Ball
3-1: Foul Ball, location: 2F
3-2: Foul Ball, location: 2F
3-2: Reached on error, E3 (Groundball, 3S)
Owen Sharts scores
Joey Trifone to third
Batting: LHB Kai-ge Choe 0-0: Called Strike
0-1: Foul Ball, location: 2F
0-2: Ball
1-2: Foul Ball, location: 2F
1-2: Ball
2-2: Reached on error, E4 (Groundball, 34)
Joey Trifone scores
Bob Dickerson to second
Batting: RHB Phil Sherman 0-0: Called Strike
0-1: Ball
1-1: Ball
2-1: Ball
3-1: SINGLE (Groundball, 6MD)
Bob Dickerson to third
Kai-ge Choe to second
Runner from 3rd tries for Home, SAFE, no throw
Batting: RHB Juan Chávez 0-0: Swinging Strike
0-1: Ball
1-1: Fielders Choice at 2nd, 6-4 (Groundball, 6)
Top of the 3rd over - 5 runs, 3 hits, 2 errors, 2 left on base; Houston 5 - Charleston 3
BOTTOM OF THE 3RD
Charleston Battery batting - Pitching for Houston 1837 BBC : LHP Coy Broderick
Batting: RHB Paco Muńóz 0-0: Ball
1-0: Foul Ball, location: 2F
1-1: Foul Ball, location: 2F
1-2: Ball
2-2: Foul Ball, location: 2F
2-2: Fly out, F6 (Line Drive, 6M)
Batting: RHB Wrangler Haresnape 0-0: Ball
1-0: Called Strike
1-1: Foul Ball, location: 2F
1-2: Ball
2-2: SINGLE (Groundball, 6D)
Batting: LHB Datu Lesaca 0-0: Called Strike
0-1: Foul Ball, location: 2F
0-2: Fly out, F4 (Popup, 4)
Batting: RHB Jesús Ruano 0-0: Ball
Wrangler Haresnape is caught stealing 2nd base
Bottom of the 3rd over - 0 runs, 1 hit, 0 errors, 0 left on base; Houston 5 - Charleston 3
TOP OF THE 4TH
Houston 1837 BBC batting - Pitching for Charleston Battery : LHP Luis Vargas
Batting: RHB Norm Chodorow 0-0: Foul Ball, location: 2F
0-1: Foul Ball, location: 2F
0-2: Strikes out swinging
Batting: LHB Owen Sharts 0-0: Foul Ball, location: 2F
0-1: Foul Ball, location: 2F
0-2: Ball
1-2: Strikes out swinging
Batting: RHB Komotay Koffie 0-0: Foul Ball, location: 2F
0-1: Ball
1-1: Ground out 5-3 (Groundball, 56S)
Top of the 4th over - 0 runs, 0 hits, 0 errors, 0 left on base; Houston 5 - Charleston 3
BOTTOM OF THE 4TH
Charleston Battery batting - Pitching for Houston 1837 BBC : LHP Coy Broderick
Batting: RHB Jesús Ruano 0-0: Called Strike
0-1: SINGLE (Line Drive, 4D)
Batting: RHB Luis Ríos 0-0: Called Strike
0-1: Ball
1-1: Ball
2-1: Swinging Strike
2-2: Ball
3-2: SINGLE (Groundball, 34D)
Jesús Ruano to second
Jesús Ruano to third
Batting: LHB Joey Coco 0-0: Foul Ball, location: 2F
0-1: Swinging Strike
0-2: Ball
1-2: SINGLE (Groundball, 34D)
Jesús Ruano scores
Luis Ríos to second
Runner from 2nd tries for 3rd, SAFE, no throw
Batting: RHB Mike Case 0-0: Ball
1-0: Foul Ball, location: 2F
1-1: Called Strike
1-2: Ball
2-2: Ball
3-2: Strikes out swinging
Pitching: RHP Pedro Aguilar
Batting: SHB Jasper Morrison 0-0: Swinging Strike
0-1: Ball
1-1: Ball
2-1: Swinging Strike
2-2: Ball
3-2: Base on Balls
Joey Coco to second
Batting: LHB Spencer Powell 0-0: Ball
1-0: Ball
2-0: Foul Ball, location: 2F
2-1: Fly out, F8 (Flyball, 8LS)
Runner from 3rd tags up, SCORES, no throw
Batting: RHB Paco Muńóz 0-0: Ball
1-0: Ball
2-0: Ball
3-0: Called Strike
3-1: Swinging Strike
3-2: Strikes out swinging
Bottom of the 4th over - 2 runs, 3 hits, 0 errors, 2 left on base; Houston 5 - Charleston 5
TOP OF THE 5TH
Houston 1837 BBC batting - Pitching for Charleston Battery : LHP Luis Vargas
Batting: RHB Joey Trifone 0-0: Called Strike
0-1: Ball
1-1: Foul Ball, location: 2F
1-2: SINGLE (Groundball, 56D)
Batting: RHB Jon Osterman 0-0: Called Strike
0-1: Ball
1-1: Ball
2-1: Ball
3-1: Base on Balls
Joey Trifone to second
Pitching: LHP Rafael Rivera
Batting: RHB Bob Dickerson 0-0: Foul Ball, location: 2F
0-1: Ball
1-1: Fly out, F7 (Flyball, 7)
Batting: LHB Kai-ge Choe 0-0: Ball
1-0: Ball
2-0: TRIPLE (Flyball, 9LD)
Joey Trifone scores
Jon Osterman scores
Batting: RHB Phil Sherman 0-0: Swinging Strike
0-1: Ball
1-1: Ball
2-1: Swinging Strike
2-2: Strikes out looking
Batting: RHB Juan Chávez 0-0: Ball
1-0: Ground out 1-3 (Groundball, 13)
Top of the 5th over - 2 runs, 2 hits, 0 errors, 1 left on base; Houston 7 - Charleston 5
BOTTOM OF THE 5TH
Charleston Battery batting - Pitching for Houston 1837 BBC : RHP Pedro Aguilar
Batting: RHB Wrangler Haresnape 0-0: Foul Ball, location: 2F
0-1: Fly out, F8 (Flyball, 8LS)
Batting: LHB Datu Lesaca 0-0: Ball
1-0: Foul Ball, location: 2F
1-1: Foul Ball, location: 2F
1-2: Ground out U3 (Groundball, 34S)
Batting: RHB Jesús Ruano 0-0: Ground out 5-3 (Groundball, 56S)
Bottom of the 5th over - 0 runs, 0 hits, 0 errors, 0 left on base; Houston 7 - Charleston 5
TOP OF THE 6TH
Houston 1837 BBC batting - Pitching for Charleston Battery : LHP Rafael Rivera
Batting: RHB Norm Chodorow 0-0: Ball
1-0: Called Strike
1-1: Fly out, F6 (Line Drive, 6)
Batting: LHB Owen Sharts 0-0: Called Strike
0-1: Fly out, F8 (Flyball, 8LM)
Batting: RHB Komotay Koffie 0-0: Ball
1-0: Ball
2-0: Called Strike
2-1: Ball
3-1: Base on Balls
Batting: RHB Joey Trifone 0-0: Foul Ball, location: 2F
0-1: Called Strike
Komotay Koffie is caught stealing 2nd base
Top of the 6th over - 0 runs, 0 hits, 0 errors, 0 left on base; Houston 7 - Charleston 5
BOTTOM OF THE 6TH
Charleston Battery batting - Pitching for Houston 1837 BBC : RHP Pedro Aguilar
Batting: RHB Luis Ríos 0-0: Ball
1-0: Foul Ball, location: 2F
1-1: Foul Ball, location: 2F
1-2: Ball
2-2: SINGLE (Groundball, 34D)
Batting: LHB Joey Coco 0-0: Ball
1-0: Ball
2-0: Foul Ball, location: 2F
2-1: Foul Ball, location: 2F
2-2: Fielders Choice at 2nd, 4-6 (Groundball, 4)
Pitching: RHP Martín Valverde
Batting: RHB Mike Case 0-0: Ball
1-0: Ball
2-0: Swinging Strike
2-1: Ball
3-1: Base on Balls
Joey Coco to second
Batting: SHB Jasper Morrison 0-0: Ball
Joey Coco steals 3rd base
1-0: Called Strike
1-1: Ball
2-1: 3-RUN HOME RUN (Flyball, 89XD), Distance : 415 ft
Pitching: RHP Pedro Valdéz
Batting: LHB Spencer Powell 0-0: Swinging Strike
0-1: Ball
1-1: Ball
2-1: Ball
3-1: Called Strike
3-2: SINGLE (Flyball, 78S)
Batting: RHB Paco Muńóz 0-0: Ball
1-0: Foul Ball, location: 2F
1-1: Ball
2-1: Swinging Strike
2-2: Ball
3-2: Fly out, F8 (Flyball, 8RXD)
Batting: RHB Wrangler Haresnape 0-0: Ball
1-0: Ball
2-0: Called Strike
2-1: Fielders Choice at 2nd, 5-4 (Groundball, 56)
Bottom of the 6th over - 3 runs, 3 hits, 0 errors, 1 left on base; Houston 7 - Charleston 8
TOP OF THE 7TH
Houston 1837 BBC batting - Pitching for Charleston Battery : LHP Rafael Rivera
Batting: RHB Joey Trifone 0-0: Ball
1-0: Ball
2-0: Foul Ball, location: 2F
2-1: Swinging Strike
2-2: Foul Ball, location: 2F
2-2: Foul Ball, location: 2F
2-2: Fly out, F4 (Popup, 34)
Batting: RHB Jon Osterman 0-0: SINGLE (Groundball, 6D)
Batting: RHB Bob Dickerson 0-0: Called Strike
0-1: Ball
1-1: Grounds into double play, 4-6-3 (Groundball, 34)
Top of the 7th over - 0 runs, 1 hit, 0 errors, 0 left on base; Houston 7 - Charleston 8
BOTTOM OF THE 7TH
Charleston Battery batting - Pitching for Houston 1837 BBC : RHP Pedro Valdéz
Batting: LHB Datu Lesaca 0-0: Foul Ball, location: 2F
0-1: Called Strike
0-2: Strikes out swinging
Batting: RHB Jesús Ruano 0-0: Ball
1-0: Ball
2-0: Called Strike
2-1: Foul Ball, location: 2F
2-2: Foul Ball, location: 2F
2-2: Strikes out swinging
Batting: RHB Luis Ríos 0-0: Ball
1-0: Called Strike
1-1: SINGLE (Groundball, 34D)
Batting: LHB Joey Coco 0-0: Ball
1-0: Called Strike
1-1: Ball
2-1: Called Strike
2-2: Foul Ball, location: 2F
2-2: Foul Ball, location: 2F
2-2: Strikes out swinging
Bottom of the 7th over - 0 runs, 1 hit, 0 errors, 1 left on base; Houston 7 - Charleston 8
TOP OF THE 8TH
Houston 1837 BBC batting - Pitching for Charleston Battery : LHP Rafael Rivera
Pitching: RHP Jon King
Batting: LHB Kai-ge Choe 0-0: Called Strike
0-1: Foul Ball, location: 2F
0-2: Strikes out looking
Batting: RHB Phil Sherman 0-0: Fly out, F6 (Line Drive, 6)
Batting: RHB Juan Chávez 0-0: Called Strike
0-1: Fly out, F7 (Flyball, 7)
Top of the 8th over - 0 runs, 0 hits, 0 errors, 0 left on base; Houston 7 - Charleston 8
BOTTOM OF THE 8TH
Charleston Battery batting - Pitching for Houston 1837 BBC : RHP Pedro Valdéz
Pitching: RHP José Ledezma
Batting: RHB Mike Case 0-0: Called Strike
0-1: Called Strike
0-2: Ball
1-2: Ball
2-2: Fly out, F6 (Popup, 6MS)
Batting: SHB Jasper Morrison 0-0: Ball
1-0: Foul Ball, location: 2F
1-1: Swinging Strike
1-2: Ball
2-2: Strikes out looking
Batting: LHB Spencer Powell 0-0: Ball
1-0: Ball
2-0: Called Strike
2-1: Swinging Strike
2-2: Strikes out swinging
Bottom of the 8th over - 0 runs, 0 hits, 0 errors, 0 left on base; Houston 7 - Charleston 8
TOP OF THE 9TH
Houston 1837 BBC batting - Pitching for Charleston Battery : RHP Jon King
Batting: RHB Norm Chodorow 0-0: Foul Ball, location: 2F
0-1: Foul Ball, location: 2F
0-2: Ball
1-2: Strikes out swinging
Batting: LHB Owen Sharts 0-0: Called Strike
0-1: SINGLE (Flyball, 8RS)
Batting: RHB Komotay Koffie 0-0: Ball
1-0: Ball
2-0: Called Strike
2-1: Swinging Strike
2-2: Foul Ball, location: 2F
2-2: Ball
3-2: Strikes out swinging
Batting: RHB Joey Trifone 0-0: Foul Ball, location: 2F
0-1: Ball
1-1: Ball
2-1: Fielders Choice at 2nd, 6-4 (Groundball, 6)
Top of the 9th over - 0 runs, 1 hit, 0 errors, 1 left on base; Houston 7 - Charleston 8
Friday, March 29th, 2019 - OOTP Baseball 18.8 Build 76